 Dungeon Crawl Stone Soup version 0.25.0-3-gd7cc5688da (webtiles) character file.

Game seed: 11131295920808945106

84 grindst0ne the Skirmisher (level 4, -2/40 HPs)
             Began as a Ghoul Monk on June 15, 2020.
             Killed by divine providence
             ... invoked by an orc priest
              (13 damage)
             ... on level 3 of the Dungeon.
             The game lasted 00:01:57 (2236 turns).

grindst0ne the Skirmisher (Ghoul Monk)              Turns: 2236, Time: 00:01:58

Health: -2/40      AC:  2    Str: 15    XL:     4   Next: 45%
Magic:  3/3        EV: 10    Int:  5    God:
Gold:   107        SH:  7    Dex: 11    Spells: 3/3 levels left

rFire    . . .     SeeInvis .     - Unarmed
rCold    + . .     Gourm    .   i - +0 kite shield
rNeg     + + +     Faith    .   a - +0 robe
rPois    ∞         Spirit   .   (no helmet)
rElec    .         Reflect  .   (no cloak)
rCorr    .         Harm     .   (no gloves)
MR       .....                  (no boots)
Stlth    ++........             (no amulet)
HPRegen  0.00/turn              (no ring)
MPRegen  0.08/turn              (no ring)

@: rotting
A: rotting body, claws 1, carnivore, cold resistance 1, negative energy
resistance 3, inhibited regeneration, torment resistance, unbreathing
a: no special abilities


You were on level 3 of the Dungeon.
You were not hungry.

You visited 1 branch of the dungeon, and saw 3 of its levels.

You collected 107 gold pieces.

Inventory:

Missiles
 l - 12 poisoned darts (quivered)
Armour
 a - a +0 robe (worn)
 i - a +0 kite shield (worn)
 o - a +0 plate armour
Jewellery
 k - a +6 ring of strength {unknown}
 r - a +4 ring of evasion {unknown}
Scrolls
 d - a scroll of immolation {unknown}
 e - 3 scrolls of teleportation {unknown}
 g - a scroll of noise {unknown}
 h - 3 scrolls of identify {unknown}
 q - 2 scrolls of remove curse {unknown}
Potions
 f - a potion of might {unknown}
 j - 2 potions of berserk rage {unknown}
 m - 2 potions of stabbing {unknown}
 n - a potion of flight {unknown}
 p - a potion of magic {unknown}
Comestibles
 b - 6 rations


   Skills:
 + Level 4.0 Fighting
 + Level 1.5 Armour
 - Level 2.6 Dodging
 - Level 2.1 Stealth
 * Level 1.6 Shields
 + Level 4.0 Unarmed Combat


You had 3 spell levels left.
You didn't know any spells.
Your spell library was empty.

Dungeon Overview and Level Annotations

Branches:
Dungeon (3/15)

Altars:


Innate Abilities, Weirdness & Mutations

Your body is rotting away.
You thrive on raw meat.
You are immune to poison.
You have sharp fingernails.
You are carnivorous and can eat meat at any time.
Your flesh is cold resistant. (rC+)
You are immune to negative energy. (rN+++)
You do not regenerate when monsters are visible.
You are immune to unholy pain and torment.
You can survive without breathing.


Message History

The orc priest mumbles some strange prayers to Beogh against you.
Beogh smites you!
You hear a shout!
You closely miss the orc priest.
The orc priest is moderately wounded.
An orc priest comes into view. It is wielding a +0 flail.
The orc priest begins to cast a cantrip, but forgets the words!
You scratch the orc priest.
The orc priest is severely wounded.
The orc hits you with a +0 flail. The orc priest barely misses you.
You block the orc priest's attack.
You completely miss the orc priest.
The orc priest is severely wounded.
You block the orc's attack.
The orc priest invokes the aid of Beogh against you.
Beogh smites you!
* * * LOW HITPOINT WARNING * * *
The orc priest invokes the aid of Beogh against you.
Beogh smites you!
You die...

### ### #.# !....#
#####.#.######.
......ooo......
#############@# ##
#.............#
.###.#############
.+...........
.###.#.######
####'#+##### #
#........#
###........#
##.........#


You could see 2 orc priests and an orc.

Vanquished Creatures
  Jessica (D:3)
  An adder (D:2)
  A worm (D:2)
  3 dart slugs
  A leopard gecko (D:1)
  3 goblins
  10 hobgoblins
  A ball python (D:2)
  5 bats
  A frilled lizard (D:1)
  5 kobolds
  8 rats
40 creatures vanquished.

Notes
Turn   | Place    | Note
-------+----------+-------------------------------------------
     0 | D:1      | grindst0ne the Ghoul Monk began the quest for the Orb.
     0 | D:1      | Reached XP level 1. HP: 19/19 MP: 0/0
   153 | D:1      | Reached XP level 2. HP: 23/26 MP: 1/1
   603 | D:1      | Reached skill level 1 in Armour
   846 | D:1      | Reached XP level 3. HP: 33/33 MP: 2/2
  1381 | D:2      | Reached skill level 1 in Shields
  1933 | D:3      | Noticed Jessica
  1957 | D:3      | HP: 1/32 [something (1)]
  1973 | D:3      | Reached XP level 4. HP: 17/40 MP: 3/3
  1974 | D:3      | Killed Jessica
  2236 | D:3      | Killed from afar by an orc priest

Illustrated notes

Levels and vault maps discovered:
D:1:      dpeg_arrival_erosion, layout_basic
D:2:      layout_basic, first_ration
D:3:      layout_basic, uniq_jessica

Skill      XL: |  1  2  3  4 |
---------------+-------------+-----
Armour         | 1 |  1.5
Shields        | 1 |  1.6
Fighting       | 4 |  4.0
Unarmed Combat | 4 |  4.0
Dodging        | |  2.6
Stealth        | |  2.1

Action                   |  1- 3 |  4- 6 || total
-------------------------+-------+-------++-------
Melee: Unarmed           |   124 |     7 ||   131
       Punch             |     2 |       ||     2
  Use: Potion            |     3 |       ||     3
 Stab: Sleeping          |     6 |     1 ||     7
  Eat: Chunk             |     5 |       ||     5
Armor: Robe              |    19 |       ||    19
Dodge: Dodged            |    36 |     1 ||    37
Block: Kite shield       |    38 |     3 ||    41
